Cogmind - Beta 11 X5 @@@ ROGUE MODE // 2021.06.17 @ 14:33:52 Player: alice_fexa Result: Destroyed by as-21619 with Assembled Maul Performance ------------- Evolutions (0) 0 Regions Visited (2) 400 Robots Destroyed (18) 90 Value Destroyed (342) 342 Prototype IDs (5) 100 Alien Tech Used (0) 0 Bonus (-992) -992 TOTAL SCORE: -60 Bonus ------- Friendly Fire -992 Cogmind --------- Core Integrity 0/250 Matter 210/300 Energy 100/100 System Corruption 0% Temperature Cool (0) Movement Treading (260) Ox1 Location -10/Mines Parts ------- > --- POWER (1) -------- (None) > --- PROPULSION (2) --- Light Treads > --- UTILITY (2) ------ Advanced Heat Sink Large Storage Unit > --- WEAPON (2) ------- Assault Rifle Grenade Launcher > --- INVENTORY (15) --- Light Nuclear Core Improved Deuterium Engine Light Treads Light Treads Light Treads Wheel Heat Sink YI-UF0's Bottomless Matter Pit (284) EM Pulse Gun EM Pulse Gun Assault Rifle Assault Rifle Light Assault Rifle Grenade Launcher Makeshift Axe Peak State ------------ > --- POWER ------------ Light Ion Engine > --- PROPULSION ------- Light Treads Wheel > --- UTILITY ---------- Large Storage Unit YI-UF0's Bottomless Matter Pit > --- WEAPON ----------- Assault Rifle Assault Rifle > --- INVENTORY -------- Light Nuclear Core Improved Deuterium Engine Light Treads Light Treads Light Treads Wheel Heat Sink EM Pulse Gun EM Pulse Gun Assault Rifle Light Assault Rifle Light Assault Rifle Grenade Launcher Grenade Launcher Makeshift Axe [Rating: 14] Favorites ----------- Power Light Ion Engine Engine Light Ion Engine Propulsion Light Treads Treads Light Treads Wheel Compact Wheel Utility Large Storage Unit Device Heat Sink Storage Large Storage Unit Weapon Assault Rifle Ballistic Gun Assault Rifle Launcher Grenade Launcher Build | -11 -10 -10 ------- Run | Scr Mat Min Slots Evolved . | . . . Power . | . . . Propulsion . | . . . Utility . | . . . Weapon . | . . . Parts Attached 28 | 6 16 6 Power 3 | 1 2 . Engine 3 | 1 2 . Core . | . . . Reactor . | . . . Propulsion 6 | 2 3 1 Treads 4 | 1 2 1 Leg . | . . . Wheel 2 | 1 1 . Hover . | . . . Flight . | . . . Utility 9 | 1 4 4 Device 6 | . 3 3 Storage 3 | 1 1 1 Processor . | . . . Hackware . | . . . Protection . | . . . Artifact . | . . . Weapon 10 | 2 7 1 Energy Gun . | . . . Energy Cannon . | . . . Ballistic Gun 8 | 2 6 . Ballistic Cannon . | . . . Launcher 2 | . 1 1 Special Weapon . | . . . Impact Weapon . | . . . Slashing Weapon . | . . . Piercing Weapon . | . . . Special Melee Weapon . | . . . Unidentified Prototypes 1 | . . 1 Parts Lost 8 | . 6 2 Power 2 | . 1 1 Propulsion 2 | . 1 1 Utility 1 | . 1 . Weapon 3 | . 3 . Highest Loss Streak 4 | . 4 2 Average Slot Usage (%) 96 | . 94 99 Engine 13 | . 13 13 Treads 14 | . 14 14 Wheel 14 | . 14 14 Device 10 | . 8 14 Storage 14 | . 14 14 Ballistic Gun 25 | . 28 20 Launcher 2 | . . 7 Naked Turns . | . . . Heaviest Build 29 | 14 28 29 Greatest Support 20 | 16 16 20 Greatest Overweight (x) 2 | . 2 2 Average Overweight (x) 1 | . . 1 Largest Inventory Capacity 15 | 8 15 15 Average Capacity 12 | 6 11 15 Most Carried 15 | 4 15 15 Average Carried 11 | 2 9 14 Final Capacity 15 | 8 15 15 Final Carried 15 | 4 15 15 Class Distribution -------------------- 94% | Mutant 5% | Scavenger-Mutant Dominant Class ---------------- Mutant | -10/Materials Mutant | -10/Mines Resources | -11 -10 -10 ----------- Run | Scr Mat Min Matter Collected 1259 | 167 574 518 Remotely . | . . . Salvage Created 753 | . 595 158 Parts 32 | . 27 5 Haulers Intercepted 1 | . 1 . Recyclers Shooed 3 | . 3 . Parts Field Recycled . | . . . Retrieved Matter . | . . . Parts Self-Destructed . | . . . Prevented . | . . . Kills | -11 -10 -10 ------- Run | Scr Mat Min Combat Hostiles Destroyed 19 | . 10 9 Guns 8 | . 8 . AOE 11 | . 2 9 Classes Destroyed 7 | . 6 1 Worker 2 | . 1 1 Hauler 1 | . 1 . Recycler 2 | . 2 . Watcher 2 | . 2 . Swarmer 3 | . 3 . Grunt 7 | . 7 . Assembled 9 | . . 9 Best Kill Streak 3 | . 3 3 Combat Bots Only 3 | . 2 3 Max Kills in Single Turn 2 | . 2 2 Gunslinging . | . . . Exploded 2 | . 1 2 Melee . | . . . Uniques/NPCs Destroyed 1 | . . 1 YI-UF0 (-10/Mines) Combat | -11 -10 -10 -------- Run | Scr Mat Min Damage Taken 1316 | . 919 397 Core 280 | . 177 103 Absorbed by Shields . | . . . Core Remaining (%) 100 | 100 . . Volleys Fired 108 | . 76 32 Largest 2 | . 2 2 Hottest 40 | . 40 40 Shots Fired 194 | . 149 45 Gun 173 | . 147 26 Cannon . | . . . Launcher 21 | . 2 19 Special . | . . . Kinetic 173 | . 147 26 Thermal . | . . . Explosive 21 | . 2 19 Electromagnetic . | . . . Robot Hit Streak 11 | . 11 7 Robot Miss Streak 5 | . 4 5 Penetration Max . | . . . Secondary Targets 3 | . 3 . Max Gunslinging Chain 1 | . 1 . Shots Hit Robots 122 | . 101 21 Core Hits 56 | . 31 25 Critical Kills . | . . . Critical Parts Destroyed . | . . . Critical Strikes . | . . . Melee Attacks . | . . . Impact . | . . . Slashing . | . . . Piercing . | . . . Sneak Attacks . | . . . Combat Hostiles . | . . . Follow-up Attacks . | . . . Damage Inflicted 2043 | . 1245 798 Guns 1335 | . 1135 200 Cannons . | . . . Explosions 708 | . 110 598 Melee . | . . . Ramming . | . . . Kinetic 1335 | . 1135 200 Thermal . | . . . Explosive 708 | . 110 598 Electromagnetic . | . . . Impact . | . . . Slashing . | . . . Piercing . | . . . Highest Corruption . | . . . Average Corruption . | . . . Corruption Purged . | . . . Overload Shots . | . . . Overflow Damage 53 | . . 53 Projectiles . | . . . Explosions 53 | . . 53 Melee . | . . . Knockbacks . | . . . Impact . | . . . Kinetic . | . . . Secondary . | . . . Self-Inflicted Damage 250 | . 23 227 Shots 10 | . 1 9 Rammed . | . . . Targets Rammed . | . . . Kicked . | . . . Crushed . | . . . Highest Temperature 12 | . 12 . Average Temperature 5 | . 5 . Received Heat Transfer 411 | . 411 . Siege Activations . | . . . Robots Corrupted . | . . . Combat Hostiles . | . . . Parts Fried . | . . . Impact Corruptions . | . . . Robots Melted . | . . . Combat Hostiles . | . . . Parts Melted . | . . . Heat Transferred . | . . . Parts Sabotaged . | . . . Parts Stolen . | . . . Parts Stripped . | . . . Power Chain Reactions . | . . . Missiles Intercepted . | . . . Alert | -11 -10 -10 ------- Run | Scr Mat Min Peak Influence 197 | . 197 25 Initial 5 | . . 5 Average 42 | . 64 9 Maximum Alert Level . | . . . Low Security (%) 100 | 100 100 100 Level 1 . | . . . Level 2 . | . . . Level 3 . | . . . Level 4 . | . . . Level 5 . | . . . High Security . | . . . Max Security . | . . . Squads Dispatched 2 | . 2 . Investigation . | . . . Extermination . | . . . Reinforcement 2 | . 2 . Assault . | . . . Garrison . | . . . Intercept . | . . . Construction Impeded . | . . . Haulers Reinforced . | . . . Cargo Convoy Interrupts . | . . . Stealth | -11 -10 -10 --------- Run | Scr Mat Min Distress Signals 4 | . 4 . Communications Jammed . | . . . Distress Signals . | . . . Times Spotted 28 | . 19 9 Peak Tracking Total 5 | . 5 3 Tactical Retreats 1 | . . 1 Traps | -11 -10 -10 ------- Run | Scr Mat Min Traps Triggered . | . . . Indirectly . | . . . Trap Hack Attempts . | . . . Triggered . | . . . Disarmed . | . . . Reprogrammed 6 | . 6 . Reused . | . . . Traps Extracted . | . . . Installed . | . . . Triggered . | . . . Machines | -11 -10 -10 ---------- Run | Scr Mat Min Machines Disabled . | . . . Max in Single Turn . | . . . Machines Sabotaged . | . . . Garrisons Compromised . | . . . Overloaded Fab Kills . | . . . Fab Network Shutdowns . | . . . Hacking | -11 -10 -10 --------- Run | Scr Mat Min Machines Accessed 7 | . 6 1 Terminals 6 | . 6 . Fabricators . | . . . Repair Stations . | . . . Recycling Units . | . . . Scanalyzers . | . . . Garrison Access . | . . . Total Hacks 25 | . 24 1 Successful 10 | . 9 1 Failed 15 | . 15 . Catastrophic 1 | . 1 . Database Lockouts . | . . . Manual 9 | . 9 . Terminals 24 | . 24 . Fabricators . | . . . Repair Stations . | . . . Recycling Units . | . . . Scanalyzers . | . . . Garrison Access . | . . . Terminal Hacks 7 | . 6 1 Prototype ID Bank 2 | . 2 . Open Door 1 | . . 1 Unreport Threat 1 | . 1 . Locate Traps 2 | . 2 . Reprogram Traps 1 | . 1 . Fabricator Hacks . | . . . Repair Station Hacks . | . . . Recycling Unit Hacks . | . . . Scanalyzer . | . . . Garrison Access Hacks . | . . . Unauthorized Hacks 3 | . 3 . Terminals 3 | . 3 . Botnet 3 | . 3 . Fabricators . | . . . Repair Stations . | . . . Recycling Units . | . . . Scanalyzers . | . . . Garrison Access . | . . . Data Cores Recovered . | . . . Used . | . . . Hacking Detections 6 | . 6 . Full Trace Events . | . . . Feedback Events . | . . . Feedback Blocked . | . . . Robot Schematics Acquired . | . . . Robots Built . | . . . Matter . | . . . Time . | . . . Total Robot Build Rating . | . . . Part Schematics Acquired . | . . . Parts Built . | . . . Matter . | . . . Time . | . . . Total Part Build Rating . | . . . Parts Repaired . | . . . Time . | . . . Parts Recycled . | . . . Recycled Matter . | . . . Retrieved Matter . | . . . Retrieved Components . | . . . Parts Scanalyzed . | . . . Part Schematics Acquired . | . . . Parts Damaged . | . . . Bothacking | -11 -10 -10 ------------ Run | Scr Mat Min Used RIF Installer . | . . . Robots Hacked . | . . . Non-combat . | . . . Combat . | . . . Robot Hacks Applied . | . . . Relay Couplers Released . | . . . Robots Rewired . | . . . Allies Hacked . | . . . Hacks Repelled . | . . . Allies | -11 -10 -10 -------- Run | Scr Mat Min Total Allies . | . . . Largest Group . | . . . Highest-Rated Group . | . . . Highest-Rated Ally . | . . . Total Orders . | . . . Ally Attacks . | . . . Total Damage . | . . . Kills . | . . . Allies Corrupted . | . . . Allies Melted . | . . . Intel | -11 -10 -10 ------- Run | Scr Mat Min Robot Analysis Total . | . . . Derelict Logs Recovered 1 | . . 1 Drone Launches . | . . . Drone Recoveries . | . . . Exploration | -11 -10 -10 ------------- Run | Scr Mat Min Turns Passed 1448 | 40 876 532 Spaces Moved 908 | 28 528 352 Core 1 | 1 . . Treads 8 | . . 8 Legs . | . . . Wheels 899 | 27 528 344 Hover . | . . . Flight . | . . . Fastest Speed 50 | 50 100 110 Average Speed 110 | 98 108 113 Slowest Speed 260 | 100 115 260 Overloaded Moves . | . . . Propulsion Burnouts . | . . . Robots Hopped . | . . . Cave-ins Triggered . | . . . Exploration Rate (%) 45 | 3 83 50 Regions Visited 2 Branch Regions 1 Pre-discovered Areas 1 | . . 1 Known Exits Taken . | . . . Unknown Exits Taken 2 | 1 1 . Scrap Searched . | . . . Spaces Dug 3 | . . 3 Terrain Destroyed 130 | . 15 115 Melee . | . . . Projectile . | . . . AOE 130 | . 15 115 Terrain Rammed . | . . . Walls Destroyed . | . . . Machines Disabled . | . . . Actions | -11 -10 -10 --------- Run | Scr Mat Min Total 1177 | 37 694 446 Wait 89 | . 49 40 Move 906 | 27 527 352 Hop . | . . . Pick Up 29 | 4 19 6 Fast Attach 10 | 6 1 3 Attach 7 | . 7 . Detach . | . . . Swap 11 | . 8 3 Drop 17 | . 7 10 Fire 108 | . 76 32 Melee . | . . . Ram . | . . . Kick . | . . . Crush . | . . . Escape Stasis . | . . . Rewire . | . . . Trap . | . . . Miscellaneous . | . . . Route ------- -11/Scrapyard -10/Materials (discovered 3 exits: [*Mat x2] / *Min) -10/Mines (discovered 1 exit: [*Mat]) History --------- Turn | Location | Event 19 | -11/Scrapyard | Discovered new exit (range 16) 41 | -11/Scrapyard | Entered Materials 318 | -10/Materials | Core integrity fell below 50% 339 | -10/Materials | Lost 4 parts (1n1u2w) 599 | -10/Materials | Discovered new exit (range 13) 645 | -10/Materials | Discovered new exit (range 11) 657 | -10/Materials | Build established: Mutant 721 | -10/Materials | Discovered new exit (range 7) 917 | -10/Materials | Entered Mines 949 | -10/Mines | Discovered new exit (range 4) 991 | -10/Mines | Assembled infested the area 1005 | -10/Mines | YI-UF0 nonchalantly dropped a Grenade Launcher on the ground 1021 | -10/Mines | A weapon hastily lodged in a ceiling crevice suddenly fell to the ground 1114 | -10/Mines | Destroyed YI-UF0 1131 | -10/Mines | Found Prototype Storage 1131 | -10/Mines | Identified YI-UF0's Bottomless Matter Pit 1313 | -10/Mines | Found the Drone Emporium 1316 | -10/Mines | Learned 4 Materials zone layouts 1356 | -10/Mines | Learned location of Storage (-7) 1434 | -10/Mines | Core integrity fell below 20% 1449 | -10/Mines | Destroyed by as-21619 with Assembled Maul Last Messages --------------- 01423_ The unstable cave ceiling collapses. 01427_ Knocked back. 01427_ Lgt. Ion Engine destroyed. 01427_ Destroyed Lgt. Ion Engine. 01427_ as-41061 destroyed. 01429_ The unstable cave ceiling collapses. 01431_ as-21619 sneak attacks. 01431_ R-06 Scavenger system corrupted by crushing effect. 01431_ R-06 Scavenger knocked back. 01432_ R-06 Scavenger system terminally corrupted. 01433_ as-99989 destroyed. 01435_ The unstable cave ceiling collapses. 01445_ Wheel destroyed. 01445_ Destroyed Wheel. 01446_ U-05 Engineer lays Concrete. 01447_ The unstable cave ceiling collapses. 01448_ U-05 Engineer lays Concrete. 01449_ The unstable cave ceiling collapses. 01449_ U-05 Engineer lays Concrete. 01449_ Destroyed Asb. Hover Unit. Map ----- +----------------------------------------------------+ | ?????????????????# ## #?????????????### ####?? | | ????????????????# ## #?????????????# X ##? | | ????????????????# ## #?????????????# #? | | ????????????????## ### #?????????????# #? | | ?????????????????####?# ############### ##? | | ??????????????????????# ##?? | | ??????????????????????# ##?? | | ??????????????????????####### ########## ##? | | ????????????????????????????# #????????## ## | | ????????????????????????????# #?????????## # | | ????????????????????######### #??????????# # | | ??????????????# #??????????## ## | | ????????????????????######## ##???????????# ##? | | ???????????????????????????# #???????????## #?? | | ???????????????????????????# #???????????# #?? | | ???????????????????????????# #???????????# #?? | | ???????????????????????????# #???????????# #?? | | ?????????# * ]######???# #####???????# #?? | | ???????%* % %%%%!% #???#!= ==#????#### ###? | | ????????# ]####[##### ### #????# ## | | ?????????????????????#]= ! #?# #????# ### | | ?????????????????????#### ##?# #????# ## | | ?????????????????????## ### ##???# ### | | ????????????????????## ## ##### ### ## | | ????????????????????# # = ## # | | ????????????????????# @ k ## # | | ????????????????????# a ######## #####* # | | ????????????????????# =######?# #?# = | | ????????????????????# *%= ### ### | | ????????????????????## ! ## "" | | ?????????????????????## ##### """ | | ???????????????# * = ##?# """= | | ???????????????# # % #?#####= | | ???????????????# # # ! ####### | | ???????????????# ######%* ## | | ???????????????# #???## = u ## ##### | | ????????????????# #???# [ ### #???? | | ????????????????### #????# !%! ##?# #???? | | ??????????????????## #?????# ##??# #???? | | ???????????????????# ??????# # #???# #?### | | ???????????????????# ???????# # #???# ### | | ????????????????????????????## ## ##???# | | ?????????????????????????????###?# #??####### | | ?????????????????????????????????# ##?## ##?# | | ?????????????????????????????????# #?# #?# < | | ?????????????????????????????????# #### #?# | | ?????????????????????????????????# # #?# | | ????????????????????????????????## #??# | | ????????????????????????????????# #??### | | ???????????????????????????????## ##???? | +----------------------------------------------------+ Best States ------------- Heat Dissipation 44 Energy Generation 10 Energy Capacity 250 Matter Stores 300 Matter Capacity 300 Sight Range 16 Terrain Scan Density 10 Evasion (%) 40 Recoil Reduction 1 Item Schematics ----------------- None Robot Schematics ------------------ None Fabricated ------------ Nothing Alien Tech Used ----------------- None Achievements -------------- None Challenges ------------ None Game ------ Seed ImprinterLightCharger Manual? 0 Play Time 00:12:23 Cumulative 1050.8 hours Start 2021.06.17 @ 14:21:28 End 2021.06.17 @ 14:33:52 Sessions 1 Manual Loads 0 Difficulty Rogue Special Mode None Game No. 808 Rogue 768 Adventurer 40 Explorer 0 Win Type - Total 119 Types 60/4/33/2/1/4/13/1/1 Lore% 92 Gallery% 97 Achievement% 80 Wizard Run 0 Options --------- ASCII 0 Keyboard 0 Movement Numpad Keybinds 0 Fullscreen 0 Font 20/Terminus Map View 76x50 Tactical HUD 1 Map Filters NONE Filters NONE Steam 1 RUN: cd3936cb-d1ac-4553-85fa-c93ad5cd8371